 Dungeon Crawl Stone Soup version 0.22.0-1-g6561e4c (webtiles) character file.

3259 lukekx100 the Reanimator (level 9, -2/68 HPs)
             Began as a Deep Dwarf Necromancer on Aug 12, 2018.
             Succumbed to a water moccasin's poison
             ... on level 7 of the Dungeon.
             The game lasted 00:40:09 (7646 turns).

lukekx100 the Reanimator (Deep Dwarf Necromancer)   Turns: 7646, Time: 00:40:10

Health: -2/68      AC:  9    Str: 14    XL:     9   Next: 68%
Magic:  0/0        EV: 11    Int: 24    God:
Gold:   294        SH:  0    Dex: 13    Spells: 0/15 levels left

rFire    . . .     SeeInvis +   x - +2 falchion
rCold    . . .     Gourm    .   (no shield)
rNeg     . . .     Faith    .   v - +1 scale mail
rPois    .         Spirit   .   (no helmet)
rElec    .         Reflect  .   (no cloak)
rCorr    .         Harm     .   t - +0 pair of gloves
MR       +....                  (no boots)
Stlth    +.........             y - amulet of regeneration
HPRegen  0.00/turn              j - ring of see invisible
MPRegen  0.07/turn              p - +2 ring of strength

@: brilliant, lethally poisoned (-2 -> -19), non-regenerating, drained
A: damage resistance, heal wounds, sense surroundings 2, no regeneration
a: Heal Wounds


You were on level 7 of the Dungeon.
You were not hungry.

You visited 1 branch of the dungeon, and saw 7 of its levels.

You collected 294 gold pieces.

Inventory:

Hand Weapons
 i - a +0 whip
 o - a +0 short sword of speed
 w - a +0 mace
 x - a +2 falchion (weapon)
 A - a +0 falchion
 B - a cursed -1 spear
Armour
 a - a +0 robe
 e - a -2 leather armour
 h - a +0 leather armour
 s - a +0 chain mail
 t - a +0 pair of gloves (worn)
 u - a +0 ring mail
 v - a +1 scale mail (worn)
Jewellery
 j - a ring of see invisible (left hand)
 p - a +2 ring of strength (right hand)
 y - an amulet of regeneration (around neck)
Wands
 D - a wand of acid (9)
Scrolls
 b - 2 scrolls of amnesia
 g - 3 scrolls of remove curse
 k - 7 scrolls of teleportation
 l - a scroll of fear
 n - 2 scrolls of identify
 q - a scroll of blinking
 r - 3 scrolls of magic mapping
 C - a scroll of enchant armour
Potions
 f - a potion of lignification {unknown}
 m - 4 potions of agility
 z - a potion of ambrosia {unknown}
Comestibles
 c - 8 rations


   Skills:
 - Level 0.2(0.0) Fighting
 - Level 0.2(4.0) Short Blades
 * Level 7.8(7.5) Long Blades
 + Level 6.3(6.0) Armour
 + Level 4.6(4.3) Dodging
 + Level 2.7(2.5) Stealth
 - Level 0.9(0.7) Unarmed Combat
 + Level 3.9(3.6) Spellcasting
 * Level 1.8(1.6) Conjurations
 * Level 1.7(1.4) Hexes
 * Level 8.4(8.0) Necromancy


You couldn't memorise any spells.
You knew the following spells:

 Your Spells              Type           Power        Failure   Level  Hunger
a - Pain                  Necr           ####         1%          1    None
b - Animate Dead          Necr           N/A          1%          4    ####...
c - Vampiric Draining     Necr           ######....   1%          3    ###....
d - Animate Skeleton      Necr           N/A          1%          1    None
e - Magic Dart            Conj           ####         2%          1    None
f - Searing Ray           Conj           ####..       3%          2    #......
g - Dazzling Spray        Conj/Hex       ####..       7%          3    ###....

Your spell library contained the following spells:

 Spells                   Type           Power        Failure   Level  Hunger
 Iskenderun's Mystic Bla  Conj           ####....     19%         4    ####...
 Regeneration             Chrm/Necr      #####.....   2%          3    ###....
 Fulminant Prism          Conj/Hex       ####......   21%         4    ####...
 Force Lance              Conj/Tloc      ###.....     26%         4    ####...


Dungeon Overview and Level Annotations

Branches:
Dungeon (7/15)             Temple (0/1) D:6

Altars:
Uskayaw

Annotations:
D:3 2 transporters
D:6 1 runed door


Innate Abilities, Weirdness & Mutations

You are resistant to damage.
You can heal yourself by infusing magical energy.
You passively map the area around you.
You do not regenerate.


Message History

You are more poisoned.
The water moccasin poisons you!
You closely miss the water moccasin.
The water moccasin is moderately wounded.
You feel sick. The water moccasin bites you.
You closely miss the water moccasin.
The water moccasin is moderately wounded.
The water moccasin bites you.
* * * LOW HITPOINT WARNING * * *
You slash the water moccasin!
The water moccasin is heavily wounded.
The water moccasin misses you.
You riposte.
You miss the water moccasin.
The water moccasin is heavily wounded.
The water moccasin bites you.
* * * LOW HITPOINT WARNING * * *
You are lethally poisoned!
The water moccasin poisons you!
It was a potion of brilliance.
You feel clever all of a sudden.
You die...

* ** * ** *** *......... *
#+#+###.. , * #.# *, #.# #.#
*s#** ###.#+###†# * , ...
#......##.# ,,....
########......##.. ,,.....
#.....##......####
......#####@................
*,
>..........S.(..)...........
,,....######...(..........####
........(((........#....##.. *
...............##.#....##.. ,
,,..........#######....†(##..
...########, ####...##.. * ,..
* * , ##...).. * , ., * ≈ * *
* #######


You could see a water moccasin.

Vanquished Creatures
  Pikel (D:3)
  Grinder (D:5)
  Sigmund (D:6)
  Eustachio (D:5)
  Menkaure (D:4)
  Duvessa (D:5)
  2 slaves (D:3)
  An ice beast (D:5)
  Purgy (D:4)
  A necrophage (D:5)
  3 sky beasts
  2 ogres
  A phantom (D:4)
  A big kobold (D:7)
  4 bullfrogs
  Dowan (D:5)
  An electric eel (D:6)
  A howler monkey (D:6)
  A centaur zombie (D:5)
  2 crimson imps
  4 hounds
  A jelly (D:5)
  A bullfrog skeleton (D:5)
  A gnoll shaman (D:5)
  3 orc priests (D:5)
  An orc wizard (D:5)
  Jessica (D:2)
  6 worker ants
  A worker ant zombie (D:6)
  6 adders
  8 gnolls (D:5)
  2 shadow imps
  An adder skeleton (D:4)
  A worm (D:5)
  2 dart slugs (D:2)
  5 leopard geckos
  12 orcs
  4 giant cockroaches
  12 goblins
  4 hobgoblins
  12 jackals
  5 quokkas
  2 ball pythons
  8 bats
  6 frilled lizards
  14 kobolds
  2 leopard gecko skeletons
  2 quokka skeletons
  5 rats
160 creatures vanquished.

Vanquished Creatures (others)
  Natasha (thrice) (D:4)
  An adder (D:4)
  A leopard gecko (D:4)
  A giant cockroach (D:4)
6 creatures vanquished.

Grand Total: 166 creatures vanquished

Notes
Turn   | Place    | Note
-------+----------+-------------------------------------------
     0 | D:1      | lukekx100 the Deep Dwarf Necromancer began the quest for the Orb.
     0 | D:1      | Reached XP level 1. HP: 15/15 MP: 3/3
   389 | D:1      | Reached XP level 2. HP: 16/22 MP: 2/4
   806 | D:1      | Reached skill level 5 in Necromancy
  1062 | D:1      | Learned a level 1 spell: Animate Skeleton
  1074 | D:1      | Reached XP level 3. HP: 16/28 MP: 3/5
  1135 | D:1      | Learned a level 3 spell: Vampiric Draining
  1169 | D:2      | Found a faded altar of an unknown god.
  1693 | D:2      | Reached XP level 4. HP: 31/36 MP: 1/5
  1833 | D:2      | Noticed Jessica
  1843 | D:2      | Killed Jessica
  2134 | D:3      | Found a transporter.
  2137 | D:3      | Found a transporter.
  2321 | D:3      | Reached XP level 5. HP: 42/42 MP: 2/7
  2733 | D:4      | Noticed an ogre
  2748 | D:4      | Killed an ogre
  2748 | D:4      | Reached skill level 1 in Long Blades
  2748 | D:4      | Reached skill level 6 in Necromancy
  2829 | D:4      | Noticed a slave
  2829 | D:4      | Noticed a slave
  2829 | D:4      | Noticed a slave
  2834 | D:4      | Noticed Pikel
  2837 | D:4      | Noticed a slave
  2876 | D:4      | Noticed a phantom
  2941 | D:3      | Killed a slave
  2966 | D:3      | Killed a slave
  3035 | D:3      | Killed Pikel
  3035 | D:3      | Reached XP level 6. HP: 45/49 MP: 5/5
  3035 | D:3      | Reached XP level 7. HP: 50/55 MP: 6/6
  3155 | D:4      | Learned a level 4 spell: Animate Dead
  3157 | D:4      | Learned a level 1 spell: Animate Skeleton
  3201 | D:4      | Noticed Purgy
  3208 | D:4      | Killed Natasha
  3284 | D:4      | Killed Purgy
  3434 | D:4      | Learned a level 1 spell: Magic Dart
  3437 | D:4      | Learned a level 2 spell: Searing Ray
  3451 | D:4      | Killed Natasha
  3535 | D:4      | Killed Natasha
  3726 | D:5      | Entered Level 5 of the Dungeon
  3899 | D:5      | Noticed Grinder
  3936 | D:5      | Paralysed by Grinder for 4 turns
  3975 | D:5      | Paralysed by Grinder for 7 turns
  3997 | D:5      | Killed Grinder
  3997 | D:5      | Reached skill level 7 in Necromancy
  3997 | D:5      | Reached XP level 8. HP: 35/62 MP: 5/5
  4021 | D:5      | Reached skill level 5 in Long Blades
  4577 | D:5      | Noticed Eustachio
  4585 | D:5      | Noticed Menkaure
  4628 | D:4      | Killed Menkaure
  4628 | D:4      | Reached skill level 5 in Armour
  4774 | D:5      | Killed Eustachio
  4916 | D:5      | Reached skill level 8 in Necromancy
  4916 | D:5      | Gained mutation: You passively map the area around you. [Deep Dwarf growth]
  4916 | D:5      | Reached XP level 9. HP: 42/68 MP: 4/4
  4925 | D:5      | Learned a level 3 spell: Dazzling Spray
  5474 | D:5      | Noticed Duvessa
  5474 | D:5      | Noticed Dowan
  5521 | D:5      | Killed Duvessa
  5575 | D:5      | Killed Dowan
  6055 | D:6      | Reached skill level 1 in Conjurations
  6055 | D:6      | Reached skill level 1 in Hexes
  6128 | D:6      | HP: 2/68 [electric eel/bolt of electricity (7)]
  6326 | D:6      | Found a runed door.
  6433 | D:6      | Found a staircase to the Ecumenical Temple.
  6441 | D:6      | Noticed Sigmund
  6462 | D:6      | Killed Sigmund
  6591 | D:6      | Found a hide-covered altar of Uskayaw.
  7645 | D:7      | HP: 1/68 [water moccasin (5)]
  7646 | D:7      | Succumbed to a water moccasin's poison

Skill      XL: |  1  2  3  4  5  6  7  8  9 |
---------------+----------------------------+-----
Spellcasting   | 2 3 |  3.9
Necromancy     | 5 6 7 8 |  8.4
Long Blades    | 3 4 6 7 |  7.8
Armour         | 3 4 5 6 |  6.3
Dodging        | 3 4 |  4.6
Conjurations   | 1 |  1.8
Hexes          | 1 |  1.7
Fighting       | |  0.2
Short Blades   | |  0.2
Stealth        | |  2.7
Unarmed Combat | |  0.9

Action                   |  1- 3 |  4- 6 |  7- 9 || total
-------------------------+-------+-------+-------++-------
Melee: Unarmed           |    64 |       |       ||    64
       Whip              |    37 |       |       ||    37
       Short sword       |    22 |    62 |       ||    84
       Falchion          |       |   178 |   745 ||   923
       Mace              |       |     6 |       ||     6
       Punch             |       |     1 |     5 ||     6
 Cast: Pain              |    34 |    37 |    51 ||   122
       Vampiric Draining |     1 |     2 |       ||     3
       Animate Skeleton  |     1 |       |       ||     1
 Abil: Heal Wounds       |     4 |    16 |    43 ||    63
  Use: Scroll            |     1 |     6 |     5 ||    12
       Potion            |       |     3 |     1 ||     4
 Stab: Sleeping          |     3 |       |       ||     3
  Eat: Chunk             |     1 |     2 |     4 ||     7
       Ration            |     1 |     1 |     4 ||     6
Armor: Robe              |    24 |     8 |       ||    32
       Chain mail        |       |     3 |       ||     3
       Scale mail        |       |    94 |   373 ||   467
       Ring mail         |       |     1 |       ||     1
Dodge: Dodged            |   124 |   175 |   438 ||   737
       Rpst.: Falchion   |       |    49 |   137 ||   186
